 Dungeon Crawl Stone Soup version 0.31-a0-175-g9f7f995f2b (webtiles) character file.

Game seed: 8321209015500080682

458 qw the Chopper (level 7, -2/43 HPs)
             Began as a Gargoyle Fighter on June 17, 2023.
             Killed by nerve-wracking pain
             ... invoked by Menkaure
              (6 damage)
             ... on level 5 of the Dungeon.
             The game lasted 00:01:37 (3301 turns).

qw the Chopper (Gargoyle Fighter)                   Turns: 3301, Time: 00:01:38

Health: -2/43      AC: 15    Str: 21    XL:     7   Next: 6%
Magic:  7/7        EV:  9    Int:  9    God:
Gold:   300        SH:  4    Dex:  9    Spells: 6/6 levels left

rFire   . . .        Y - +1 war axe
rCold   . . .        c - +0 buckler
rNeg    + . .        b - +0 scale mail
rPois   inf          g - +0 helmet
rElec   +            k - +0 cloak
rCorr   .            (no gloves)
SInv    .            a - +0 pair of boots
Will    .....        m - amulet of the acrobat Stlth
                     (no ring)
HPRegen 0.27/turn    (no ring)
MPRegen 0.10/turn

%: acrobat
@: flying
A: sickness immunity, AC +4, negative energy resistance 1, electricity
resistance, torment resistance 1, petrification resistance, big wings, screaming
1
a: no special abilities


You were on level 5 of the Dungeon.
You visited 1 branch of the dungeon, and saw 5 of its levels.

You collected 300 gold pieces.


Innate Abilities, Weirdness & Mutations

You are immune to sickness and miasma.
Your stone body is resilient. (AC +4)
You are immune to poison.
You resist negative energy. (rN+)
You are resistant to electric shocks. (rElec)
You are resistant to unholy torment.
You are immune to petrification.
Your large and strong wings let you fly.
You occasionally shout uncontrollably at your foes.


   Skills:
 - Level 4.0 Fighting
 + Level 6.1 Axes
 - Level 3.2 Armour
 - Level 1.4 Dodging
 - Level 3.2 Shields


You had 6 spell levels left.
You didn't know any spells.
Your spell library was empty.

Inventory:

Hand Weapons
 l - a +0 flail
 Y - a +1 war axe (weapon)
Armour
 a - a +0 pair of boots (worn)
 b - a +0 scale mail (worn)
 c - a +0 buckler (worn)
 g - a +0 helmet (worn)
 k - a +0 cloak (worn)
Jewellery
 m - an amulet of the acrobat (around neck)
Scrolls
 j - a scroll of identify
Potions
 d - 2 potions of might
 e - a potion of mutation
 f - a potion of enlightenment {unknown}
 h - a potion of lignification
 i - a potion of curing

Dungeon Overview and Level Annotations

Branches:
Dungeon (5/15)
 Temple: D:4-7

Altars:
Wu Jian

Shops:
D:1 (   D:4 *

Annotations:
D:2 1 runed translucent door, Crazy Yiuf
D:5 Menkaure


Message History

The jelly convulses!
Your body is wracked with pain!
Menkaure calls on the powers of darkness!
Your body is wracked with pain!
The jelly convulses!
You see here an adder corpse.
You slash Menkaure!
Menkaure is heavily damaged.
Menkaure hits you but does no damage.
You hit Menkaure but do no damage.
Menkaure is heavily damaged.
You block Menkaure's attack.
You slash the jelly!
You kill the jelly!
You completely miss Menkaure. Menkaure barely misses you.
You barely miss Menkaure.
Menkaure is heavily damaged.
Menkaure hits you!
You barely miss Menkaure.
Menkaure is heavily damaged.
Menkaure hits you.
You hit Menkaure.
Menkaure is heavily damaged.
Menkaure gestures wildly while chanting.
Menkaure seems to speed up.
You barely miss Menkaure.
Menkaure is heavily damaged.
Menkaure hits you.
You hit Menkaure but do no damage.
Menkaure is heavily damaged.
Menkaure barely misses you.
You slash Menkaure!
Menkaure is almost destroyed.
Menkaure misses you.
Menkaure calls on the powers of darkness!
You feel a surge of unholy energy.
You hit Menkaure.
Menkaure is almost destroyed.
Menkaure gestures at you while chanting.
Pain shoots through your body!
You die...

##############
#............#
#............#
#............#
#......<.....#
#............#
#............####
#........%.......
#........@.......
#........M.......
#................
#................
................
...............
#######........
#...#....


You could see Menkaure (fast).

Vanquished Creatures
  2 ogres (D:4)
  A scorpion (D:4)
  A hound (D:3)
  2 jellies
  Jessica (D:2)
  Natasha (D:3)
  Robin (D:2)
  2 adders
  2 worms
  2 dart slugs
  An orc (D:3)
  8 endoplasms
  2 giant cockroaches
  16 goblins
  9 hobgoblins
  5 kobolds
  2 quokkas
  11 ball pythons
  3 bats
  5 frilled lizards
  5 rats
82 creatures vanquished.

Notes
Turn   | Place    | Note
-------+----------+-------------------------------------------
     0 | D:1      | qw the Gargoyle Fighter began the quest for the Orb.
     0 | D:1      | Reached XP level 1. HP: 14/14 MP: 1/1
     0 | D:1      | 0 ||| qw: Version: 0.3-a-2-g5ab2908
     0 | D:1      | 0 ||| qw: Game counter: 325
     0 | D:1      | 0 ||| qw: Always use a shield: true
     0 | D:1      | 0 ||| qw: God list: Okawaru
     0 | D:1      | 0 ||| qw: Allow faded altars: false
     0 | D:1      | 0 ||| qw: Do Orc after D:15 true
     0 | D:1      | 0 ||| qw: Do second Lair branch before Depths: true
     0 | D:1      | 0 ||| qw: Lair rune preference: random
     0 | D:1      | 0 ||| qw: Plans: Normal, Zot:1-4, Slime:5, God:TSO, Crypt,
                  | Tomb, Abyss, Pan, Hells, Win
     0 | D:1      | 0 ||| PLANNING D:1-11
    62 | D:1      | 62 ||| Stepping ~*~*~tactically~*~*~ (hiding).
    63 | D:1      | 63 ||| Stepping ~*~*~tactically~*~*~ (hiding).
    67 | D:1      | Reached skill level 2 in Axes
   268 | D:1      | Found Ylel's Antique Weapon Shop.
   272 | D:1      | Reached XP level 2. HP: 19/19 MP: 2/2
   274 | D:1      | 274 ||| SHOPLISTING flail (87 gold, have 31).
   610 | D:1      | Found a faded altar of an unknown god.
   645 | D:1      | 645 ||| READING scroll labelled PUAHUD VOURI.
   646 | D:1      | 646 ||| READING scroll labelled XADAXUNIUP.
   655 | D:1      | 655 ||| READING scroll labelled DALOTI UNNEC.
   664 | D:1      | 664 ||| READING scroll labelled XEMAFF UNOMEZA.
   731 | D:2      | Noticed Jessica
   737 | D:2      | 737 ||| Stepping ~*~*~tactically~*~*~ (hiding).
   743 | D:2      | Killed Jessica
   744 | D:2      | Reached skill level 3 in Axes
   744 | D:2      | Reached XP level 3. HP: 23/23 MP: 3/3
   961 | D:2      | Noticed Robin
   962 | D:2      | 962 ||| Stepping ~*~*~tactically~*~*~ (hiding).
   963 | D:2      | 963 ||| Stepping ~*~*~tactically~*~*~ (stealth).
   964 | D:2      | 964 ||| Stepping ~*~*~tactically~*~*~ (stealth).
   970 | D:2      | Killed Robin
   971 | D:2      | Reached XP level 4. HP: 27/28 MP: 4/4
   979 | D:2      | Reached skill level 4 in Axes
   982 | D:2      | 982 ||| Stepping ~*~*~tactically~*~*~ (stealth).
   983 | D:2      | 983 ||| Stepping ~*~*~tactically~*~*~ (stealth).
  1234 | D:2      | Found a runed translucent door.
  1235 | D:2      | Noticed Crazy Yiuf
  1406 | D:2      | 1406 ||| UPGRADING to +0 pair of boots.
  1411 | D:2      | 1411 ||| UPGRADING to +0 helmet.
  1416 | D:2      | 1416 ||| READING scroll labelled RUTHROKHLILL.
  1417 | D:2      | 1417 ||| READING scroll labelled LOIV UKELLOVA.
  1566 | D:3      | 1566 ||| Stepping ~*~*~tactically~*~*~ (stealth).
  1974 | D:3      | Found an ornate altar of the Wu Jian Council.
  2004 | D:3      | Noticed Natasha
  2015 | D:3      | Killed Natasha
  2016 | D:3      | Reached XP level 5. HP: 18/32 MP: 5/5
  2172 | D:3      | Reached skill level 5 in Axes
  2201 | D:3      | 2201 ||| DROPPING +0 mace.
  2244 | D:3      | 2244 ||| UPGRADING to amulet of the acrobat.
  2249 | D:3      | 2249 ||| READING scroll labelled UDAJENN TOSUL.
  2250 | D:3      | 2250 ||| READING scroll labelled JEAPNU ELOST.
  2251 | D:3      | 2251 ||| DRINKING 2 fuming pink potions.
  2251 | D:3      | Gained mutation: Your large and strong wings let you fly.
                  | [potion of mutation]
  2251 | D:3      | Gained mutation: You occasionally shout uncontrollably at
                  | your foes. [potion of mutation]
  2327 | D:4      | 2327 ||| DRINKING 2 bubbling yellow potions.
  2336 | D:4      | 2336 ||| STAIRDANCE
  2662 | D:4      | 2662 ||| Stepping ~*~*~tactically~*~*~ (stealth).
  2671 | D:4      | Found Ableshuh's Gadget Gallery.
  2720 | D:4      | Noticed an ogre
  2733 | D:4      | Reached skill level 1 in Dodging
  2733 | D:4      | Reached XP level 6. HP: 38/38 MP: 6/6
  2856 | D:4      | 2856 ||| Stepping ~*~*~tactically~*~*~ (stealth).
  2858 | D:4      | 2858 ||| Stepping ~*~*~tactically~*~*~ (hiding).
  3172 | D:4      | Reached skill level 6 in Axes
  3172 | D:4      | Reached XP level 7. HP: 41/43 MP: 7/7
  3237 | D:4      | 3237 ||| UPGRADING to +0 cloak.
  3242 | D:4      | 3242 ||| READING 3 scrolls labelled LUIPTY PABEXA.
  3243 | D:4      | 3243 ||| DRINKING 2 purple potions.
  3262 | D:4      | 3262 ||| DROPPING 2 scrolls of fog.
  3275 | D:5      | Entered Level 5 of the Dungeon
  3283 | D:5      | Noticed Menkaure
  3295 | D:5      | HP: 9/43 [Menkaure (12)]
  3298 | D:5      | HP: 3/43 [Menkaure (4)]
  3301 | D:5      | Killed from afar by Menkaure

Levels and vault maps discovered:
D:1:      lightli_molten_gateway, layout_rooms, serial_shops,
          nicolae_shop_real_fake_doors, shapermc_ecumenical_altar_venn,
          chequers_hall_statues_y, wander_ebering_terrifying_dragon_lair
D:2:      layout_basic, uniq_jessica, uniq_crazy_yiuf_cottage, uniq_robin
D:3:      layout_basic, nicolae_overflow_hidden_temple,
          kennysheep_generic_room_6, uniq_natasha
D:4:      layout_loops_corners, nicolae_shop_gadgets
D:5:      layout_basic, uniq_pikel, uniq_ijyb, uniq_duvessa, uniq_menkaure

Skill      XL: |  1  2  3  4  5  6 |
---------------+-------------------+-----
Axes           | 2 3 4 5 6 |  6.1
Fighting       | 4 |  4.0
Dodging        | 1 |  1.4
Armour         | |  3.2
Shields        | |  3.2

Action                     |  1- 3 |  4- 6 |  7- 9 || total
---------------------------+-------+-------+-------++-------
  Melee: War axe           |    74 |   144 |    18 ||   236
    Use: Scroll            |     4 |     4 |     1 ||     9
         Potion            |       |     2 |     1 ||     3
 Armour: Scale mail        |    37 |    57 |     6 ||   100
  Dodge: Dodged            |    22 |    60 |     7 ||    89
  Block: Buckler           |    11 |    22 |     4 ||    37

Table legend:
 A = Non-vault XP
 B = Vault XP
 C = Vault XP percentage of total XP
 D = Non-vault monster count
 E = Vault monster count
 F = Vault count percentage of total count
                 A         B        C        D         E       F
            +---------+---------+-------+---------+---------+-------
      Total |     495 |     160 |  24.4 |      62 |      20 |  24.4
            +---------+---------+-------+---------+---------+-------
        D:1 |      19 |       1 |   5.0 |      12 |       1 |   7.7
        D:2 |      30 |      74 |  71.2 |      15 |      14 |  48.3
        D:3 |      37 |      85 |  69.7 |      16 |       5 |  23.8
        D:4 |     381 |       0 |   0.0 |      17 |       0 |   0.0
        D:5 |      28 |       0 |   0.0 |       2 |       0 |   0.0
            +---------+---------+-------+---------+---------+-------
